 Dungeon Crawl Stone Soup version 0.28.0-43-g3370ac3207 (webtiles) character file.

Game seed: 732948624170925249

21 GilGalad the Covered (level 2, -6/27 HPs)
             Began as a Deep Dwarf Fighter on Mar 3, 2022.
             Mangled by a large abomination (24 damage)
             ... on level 3 of the Abyss.
             The game lasted 00:03:10 (382 turns).

GilGalad the Covered (Deep Dwarf Fighter)            Turns: 382, Time: 00:03:11

Health: -6/27      AC:  7    Str: 19    XL:     2   Next: 65%
Magic:  2/2        EV: 13    Int:  8    God:
Gold:   44         SH:  4    Dex: 12    Spells: 1/1 levels left

rFire   . . .      SeeInvis .   h - +1 trident (venom)
rCold   . . .      Faith    +   c - +0 buckler
rNeg    . . .      Spirit   .   b - +1 scale mail
rPois   .          Reflect  .   (no helmet)
rElec   .          Harm     .   (no cloak)
rCorr   .          Rampage  .   (no gloves)
Will    .....                   (no boots)
Stlth   ..........              e - amulet of faith
HPRegen 0.00/turn               g - +4 ring of evasion
MPRegen 0.08/turn               (no ring)

@: no status effects
A: damage resistance, heal wounds, sense surroundings 1, no regeneration
a: Heal Wounds


You were on level 3 of the Abyss.
You visited 1 branch of the dungeon, and saw 4 of its levels.
You visited the Abyss 1 time.

You collected 44 gold pieces.

Inventory:

Hand Weapons
 a - a +0 war axe
 h - a +1 trident of venom (weapon)
Armour
 b - a +1 scale mail (worn)
 c - a +0 buckler (worn)
Jewellery
 e - an amulet of faith (around neck)
 g - a +4 ring of evasion (left hand)
Scrolls
 i - a scroll of fear {unknown}
Potions
 d - a potion of might
 f - 2 potions of curing {unknown}


   Skills:
 + Level 2.9 Fighting
 + Level 2.6 Axes
 + Level 3.6 Armour
 + Level 3.6 Shields


You had one spell level left.
You didn't know any spells.
Your spell library contained the following spells:

 Spells                   Type           Power      Damage    Failure   Level
 Animate Skeleton         Necr           0%         N/A       86%         1


Dungeon Overview and Level Annotations

Branches:
Dungeon (4/15)
 Temple: D:4-7

Altars:


Innate Abilities, Weirdness & Mutations

You are resistant to damage.
You can heal yourself by infusing magical energy.
You passively map a small area around you.
You do not regenerate.


Message History

You block the orc's attack.
You closely miss the orc. The orc barely misses you.
The orc hits you but does no damage.
You hit the orc.
The orc is poisoned.
The orc is heavily wounded.
The orc hits you but does no damage.
You are cast into the Abyss!
This branch contains the abyssal rune of Zot.
Found a gateway leading deeper into the Abyss.
The ynoxinul gestures.
There is a gateway leading deeper into the Abyss here.
The ufetubus closely misses you. The ufetubus misses you.
The ynoxinul gestures.
You block the ufetubus's attack. The ufetubus hits you.
You plunge deeper into the Abyss.
You enter the shallow water.
Moving in this stuff is going to be slow.
You enter the shallow water.
Moving in this stuff is going to be slow.
Found a gateway leading deeper into the Abyss.
There is a gateway leading deeper into the Abyss here.
You plunge deeper into the Abyss.
The abyssal rune of Zot can be found at this depth.
Found a scroll labelled VARERR BAPRIUTUJIV and a scroll labelled VUUZOARGHEO.
i - a scroll labelled VARERR BAPRIUTUJIV
j - a scroll labelled VUUZOARGHEO A tentacled starspawn comes into view.
A large abomination comes into view.
A large abomination comes into view.
A rust devil comes into view.
You block the large abomination's attack.
As you read the scroll labelled VUUZOARGHEO, it crumbles to dust.
It is a scroll of enchant armour.
Your +0 scale mail glows green for a moment.
The large abomination hits you.
A raiju comes into view.
The raiju barks!
The large abomination hits you!!
Ouch! That really hurt!
You die...

.......#.#.# # ..
.....##..# .# # ...
#...#...# #.#.#.
...##..X#..###.#...#
.........#.#.....
.......4##. . # #
.........#.#.### # .
.......X##..#..#. .#
.......@###. ##...#
.............#.. .#
...##....#.#..#..# #
... #........ .# #
.. .....#..... ## #
.....#....###.##. .
h.....## #.## .. #
........##..#..#.
### . #.....##


You could see 2 large abominations, a rust devil and a raiju.

Vanquished Creatures
  A worm (D:2)
  2 bats
  2 endoplasms
  A goblin (D:1)
  3 hobgoblins
  3 jackals (D:1)
  A quokka (D:1)
  2 kobolds (D:1)
  A rat (D:1)
16 creatures vanquished.

Notes
Turn   | Place    | Note
-------+----------+-------------------------------------------
     0 | D:1      | GilGalad the Deep Dwarf Fighter began the quest for the
                  | Orb.
     0 | D:1      | Reached XP level 1. HP: 20/20 MP: 1/1
    62 | D:1      | Found a faded altar of an unknown god.
    78 | D:1      | Reached XP level 2. HP: 27/27 MP: 2/2
    90 | D:1      | Got Plato's Tome of Dark Magic
   249 | D:3      | Cast into level 1 of the Abyss (orc)
   260 | Abyss:1  | Noticed a ynoxinul
   358 | Abyss:3  | Noticed a tentacled starspawn
   372 | Abyss:3  | Noticed a large abomination
   375 | Abyss:3  | Noticed a large abomination
   377 | Abyss:3  | Noticed a rust devil
   382 | Abyss:3  | Noticed a raiju
   382 | Abyss:3  | Mangled by a large abomination

Illustrated notes

Levels and vault maps discovered:
D:1:      minmay_arrival_jagged, layout_basic,
          shapermc_ecumenical_altar_rom_forum, serial_shops,
          nicolae_lakefront_shop, shop, shop, nicolae_shop_stone
D:2:      layout_rooms, serial_park_tiny_pond
D:3:      layout_loops_ring, grunt_qazlal_clouds, xom_redecorated,
          cheibriados_altar_1
D:4:      layout_cave_pods, minmay_ogre_servants, uniq_natasha
Abyss:3:  base: D:3, minivault_1, minivault_1

Action                   || total
-------------------------++-------
Melee: War axe           ||    32
       Trident           ||     5
 Abil: Heal Wounds       ||     1
  Use: Scroll            ||     1
 Stab: Held in net/web   ||     1
Armor: Scale mail        ||    19
Dodge: Dodged            ||    17
Block: Buckler           ||    19
